 Dungeon Crawl Stone Soup version 0.26-a0-1145-gf5f8a83f67 (webtiles) character file.

Game seed: 2773900376162909563

121 Granthy the Grasshopper (level 5, -1/43 HPs)
             Began as a Gnoll Warper on Dec 22, 2020.
             Killed from afar by a white imp (9 damage)
             ... with a puff of frost
             ... summoned by Natasha
             ... on level 2 of the Dungeon.
             The game lasted 00:02:51 (2094 turns).

Granthy the Grasshopper (Gnoll Warper)              Turns: 2094, Time: 00:02:52

Health: -1/43      AC:  3    Str: 15    XL:     5   Next: 5%
Magic:  12/12      EV: 14    Int: 15    God:
Gold:   46         SH:  0    Dex: 14    Spells: 12/14 levels left

rFire    . . .     SeeInvis .   a - +0 falchion
rCold    . . .     Faith    .   (no shield)
rNeg     . . .     Spirit   .   b - +0 leather armour
rPois    .         Reflect  .   (no helmet)
rElec    .         Harm     .   (no cloak)
rCorr    .         Rampage  .   (no gloves)
Will     .....                  (no boots)
Stlth    ++........             (no amulet)
HPRegen  0.14/turn              (no ring)
MPRegen  0.13/turn              (no ring)

@: no status effects
A: distributed training, fangs 1, strong nose
a: no special abilities


You were on level 2 of the Dungeon.
You visited 1 branch of the dungeon, and saw 2 of its levels.

You collected 46 gold pieces.

Inventory:

Hand Weapons
 a - a +0 falchion (weapon)
 g - a cursed -3 hunting sling
Missiles
 e - 5 boomerangs of dispersal (quivered)
Armour
 b - a +0 leather armour (worn)
Scrolls
 c - a scroll of teleportation {unknown}
 d - a scroll of blinking
 f - a scroll of remove curse {unknown}
Potions
 h - a potion of heal wounds {unknown}
 i - a potion of lignification {unknown}
 j - 2 potions of mutation {unknown}


   Skills:
 + Level 4.7 Fighting
 + Level 1.3 Short Blades
 + Level 4.7 Long Blades
 + Level 1.3 Axes
 + Level 1.3 Maces & Flails
 + Level 1.3 Polearms
 + Level 1.3 Staves
 + Level 1.3 Slings
 + Level 1.3 Bows
 + Level 1.3 Crossbows
 + Level 2.9 Throwing
 + Level 2.9 Armour
 + Level 4.7 Dodging
 + Level 1.3 Stealth
 + Level 1.3 Shields
 + Level 1.3 Unarmed Combat
 + Level 5.1 Spellcasting
 + Level 1.1 Conjurations
 + Level 1.1 Hexes
 + Level 1.1 Summonings
 + Level 1.1 Necromancy
 + Level 5.5 Translocations
 + Level 1.1 Transmutations
 + Level 1.1 Fire Magic
 + Level 1.1 Ice Magic
 + Level 1.1 Air Magic
 + Level 1.1 Earth Magic
 + Level 1.1 Poison Magic
 + Level 1.5 Invocations
 + Level 1.3 Evocations


You had 12 spell levels left.
You knew the following spells:

 Your Spells              Type           Power        Failure   Level
a - Blink                 Tloc           N/A          3%          2

Your spell library contained the following spells:

 Spells                   Type           Power        Failure   Level
 Gell's Gravitas          Tloc           10%          6%          3
 Lesser Beckoning         Tloc           10%          6%          3
 Teleport Other           Tloc           20%          6%          3
 Passage of Golubria      Tloc           N/A          21%         4


Dungeon Overview and Level Annotations

Branches:
Dungeon (2/15)

Altars:

Annotations:
D:2 Natasha


Innate Abilities, Weirdness & Mutations

Your experience applies equally to all skills.
You have very sharp teeth.
Your uncanny sense of smell can sniff out nearby items.


Message History

You hit Natasha but do no damage.
Natasha is heavily wounded.
Natasha claws you but does no damage.
You hit Natasha.
Natasha is severely wounded.
Natasha claws you but does no damage. The white imp hits you.
The white imp freezes you.
You barely miss Natasha.
Natasha is severely wounded.
Natasha claws you!
* * * LOW HITPOINT WARNING * * *
The white imp misses you. Natasha claws you but does no damage.
Natasha hisses.
Natasha casts a spell at you. You resist with some effort.
There is an open door here.
The white imp gestures at you. The puff of frost hits you!
You die...

....##....# #.....
..........# #.##.. #...#
#.#... #.### #.#.## ##'##
..#.#.# ##...##
######..#.#># ##...h5##
#.......#.#.# ##.......##
#...........##
#........@###....#..#.....
+.........'...............
#.........###.......#..###
##.......## #...÷##.#..# #
##.....## #...†...#..# #
##...#######.........# #
##+#..........##.#..###
#.#######..##.#..... #.#
#..##.#.####


You could see Natasha and a white imp (summoned).

Vanquished Creatures
  Natasha (D:2)
  A gnoll (D:1)
  4 adders (D:2)
  An ooze (D:2)
  2 dart slugs
  A leopard gecko (D:2)
  A ball python (D:1)
  5 bats
  2 giant cockroaches
  3 goblins
  5 hobgoblins (D:1)
  4 jackals (D:1)
  A quokka (D:2)
  2 frilled lizards
  6 kobolds (D:1)
  3 rats
42 creatures vanquished.

Notes
Turn   | Place    | Note
-------+----------+-------------------------------------------
     0 | D:1      | Granthy the Gnoll Warper began the quest for the Orb.
     0 | D:1      | Reached XP level 1. HP: 20/20 MP: 6/6
   219 | D:1      | Reached XP level 2. HP: 8/26 MP: 7/7
   449 | D:1      | Learned a level 2 spell: Blink
   605 | D:1      | Reached skill level 5 in Spellcasting
   605 | D:1      | Reached XP level 3. HP: 31/31 MP: 7/9
  1042 | D:1      | Reached skill level 1 in Invocations
  1456 | D:2      | Reached skill level 1 in Short Blades
  1456 | D:2      | Reached skill level 1 in Axes
  1456 | D:2      | Reached skill level 1 in Maces & Flails
  1456 | D:2      | Reached skill level 1 in Polearms
  1456 | D:2      | Reached skill level 1 in Staves
  1456 | D:2      | Reached skill level 1 in Slings
  1456 | D:2      | Reached skill level 1 in Bows
  1456 | D:2      | Reached skill level 1 in Crossbows
  1456 | D:2      | Reached skill level 1 in Stealth
  1456 | D:2      | Reached skill level 1 in Shields
  1456 | D:2      | Reached skill level 1 in Unarmed Combat
  1456 | D:2      | Reached skill level 1 in Evocations
  1539 | D:2      | Reached XP level 4. HP: 36/38 MP: 11/11
  1821 | D:2      | Noticed Natasha
  1828 | D:2      | Reached skill level 1 in Conjurations
  1828 | D:2      | Reached skill level 1 in Hexes
  1828 | D:2      | Reached skill level 1 in Summonings
  1828 | D:2      | Reached skill level 1 in Necromancy
  1828 | D:2      | Reached skill level 1 in Transmutations
  1828 | D:2      | Reached skill level 1 in Fire Magic
  1828 | D:2      | Reached skill level 1 in Ice Magic
  1828 | D:2      | Reached skill level 1 in Air Magic
  1828 | D:2      | Reached skill level 1 in Earth Magic
  1828 | D:2      | Reached skill level 1 in Poison Magic
  1835 | D:2      | Killed Natasha
  1956 | D:2      | Reached XP level 5. HP: 27/43 MP: 12/12
  2075 | D:2      | Noticed Natasha
  2094 | D:2      | Killed from afar by a white imp

Illustrated notes

Levels and vault maps discovered:
D:1:      dpeg_arrival_windows_large_door, layout_basic,
          hangedman_decor_growths, minmay_misc_feat_ornament,
          minmay_misc_feat_roman
D:2:      layout_loops_corners, lemuel_round_altar, grunt_decor_mini_mirrors,
          uniq_natasha

Skill      XL: |  1  2  3  4 |
---------------+-------------+-----
Spellcasting   | 5 |  5.1
Invocations    | 1 |  1.5
Short Blades   | 1 |  1.3
Axes           | 1 |  1.3
Maces & Flails | 1 |  1.3
Polearms       | 1 |  1.3
Staves         | 1 |  1.3
Slings         | 1 |  1.3
Bows           | 1 |  1.3
Crossbows      | 1 |  1.3
Stealth        | 1 |  1.3
Shields        | 1 |  1.3
Unarmed Combat | 1 |  1.3
Evocations     | 1 |  1.3
Conjurations   | 1 |  1.1
Hexes          | 1 |  1.1
Summonings     | 1 |  1.1
Necromancy     | 1 |  1.1
Transmutations | 1 |  1.1
Fire Magic     | 1 |  1.1
Ice Magic      | 1 |  1.1
Air Magic      | 1 |  1.1
Earth Magic    | 1 |  1.1
Poison Magic   | 1 |  1.1
Fighting       | |  4.7
Long Blades    | |  4.7
Throwing       | |  2.9
Armour         | |  2.9
Dodging        | |  4.7
Translocations | |  5.5

Action                   |  1- 3 |  4- 6 || total
-------------------------+-------+-------++-------
Melee: Falchion          |   104 |    48 ||   152
       Bite              |    13 |     7 ||    20
Armor: Leather armour    |    22 |    12 ||    34
Dodge: Dodged            |    87 |    40 ||   127
       Rpst.: Falchion   |    27 |    11 ||    38

Table legend: (Time is in decaauts)
 A = Elapsed time spent in this place.
 B = Non-inter-level travel time spent in this place.
 C = Inter-level travel time spent in this place.
 D = Time resting spent in this place.
 E = Time spent auto-exploring this place.
 F = Levels seen in this place.
 G = Mean time per level.
                   A        B        C        D        E       F      G
               +--------+--------+--------+--------+--------+-----+--------+
         Total |   2105 |   2043 |     62 |    455 |   1181 |   2 | 1052.5 |
       Dungeon |   2105 |   2043 |     62 |    455 |   1181 |   2 | 1052.5 |
               +--------+--------+--------+--------+--------+-----+--------+

Top non-repeatable levels by time:
     D:1: 1445 daAuts
     D:2: 659 daAuts
